 Dungeon Crawl Stone Soup version 0.29.0-11-gd7f09526c8 (webtiles) character file.

Game seed: 2384731414316044966

7589 gelatine the Tainter (level 11, 0/80 HPs)
             Began as a Formicid Venom Mage on Sept 7, 2022.
             Was a Believer of Makhleb.
             Killed from afar by an electric eel (12 damage)
             ... with a bolt of electricity
             ... on level 1 of the Lair of Beasts.
             The game lasted 00:49:08 (15453 turns).

gelatine the Tainter (Formicid Venom Mage)         Turns: 15453, Time: 00:49:08

Health: 0/80       AC:  8    Str: 13    XL:     11   Next: 40%
Magic:  20/20      EV: 13    Int: 22    God:    Makhleb [**....]
Gold:   745        SH:  0    Dex: 13    Spells: 12/22 levels left

rFire   + . .      SeeInvis +   z - +3 short sword (freeze)
rCold   . . .      Faith    .   o - orb {light}
rNeg    + . .      Spirit   .   v - +1 robe of the Weak God {Drain rPois rF+}
rPois   +          Reflect  .   (helmet unavailable)
rElec   .          Harm     .   (no cloak)
rCorr   +          Rampage  .   q - +0 pair of gloves
Will    +....                   x - +2 pair of boots
Stlth   +.........              (no amulet)
HPRegen 0.23/turn               b - ring of resist corrosion
MPRegen 0.17/turn               w - ring of positive energy

@: glowing, very slow
A: permanent stasis, dig shafts and tunnels, antennae 3, four strong arms,
clever 1, wild magic 1, MP-powered wands
a: Dig, Shaft Self, Renounce Religion, Minor Destruction


You were on level 1 of the Lair of Beasts.
You worshipped Makhleb.
Makhleb was pleased with you.
You visited 3 branches of the dungeon, and saw 11 of its levels.

You collected 745 gold pieces.

Inventory:

Hand Weapons
 e - a +0 arbalest of freezing
 z - a +3 short sword of freezing (weapon)
Missiles
 c - 2 javelins
 m - 7 boomerangs
 s - 4 atropa-tipped darts
 F - a throwing net
Armour
 a - +0 acid dragon scales
 g - a +0 buckler
 i - a +4 chain mail
 j - a +2 leather armour of poison resistance
 o - an orb of light (worn)
 q - a +0 pair of gloves (worn)
 v - the +1 robe of the Weak God (worn) {Drain rPois rF+}
   (You found it on level 9 of the Dungeon)

   rF:        It protects you from fire.
   rPois:     It protects you from poison.
   Drain:     It drains your maximum health when unequipped.
 x - a +2 pair of boots (worn)
Magical Staves
 n - a staff of cold
Jewellery
 b - a ring of resist corrosion (left hand)
 r - an amulet of faith
 w - a ring of positive energy (right hand)
Wands
 y - a wand of flame (12)
Scrolls
 d - a scroll of poison
 f - a scroll of summoning
 h - 5 scrolls of immolation
 k - a scroll of torment {unknown}
 A - a scroll of enchant armour
 C - 2 scrolls of enchant weapon
 E - 2 scrolls of vulnerability
 H - a scroll of magic mapping
Potions
 l - 5 potions of brilliance
 p - 3 potions of mutation
 u - a potion of attraction {unknown}
 B - a potion of berserk rage {unknown}
 D - a potion of magic
 G - a potion of invisibility {unknown}


   Skills:
 * Level 5.2 Fighting
 * Level 4.3 Short Blades
 + Level 2.6 Throwing
 * Level 5.7 Armour
 * Level 4.6 Dodging
 + Level 4.7 Stealth
 * Level 5.1 Shields
 + Level 6.3 Spellcasting
 * Level 3.7 Conjurations
 + Level 3.5 Transmutations
 + Level 2.1 Air Magic
 + Level 10.2 Poison Magic
 * Level 6.2 Invocations


You had 12 spell levels left.
You knew the following spells:

 Your Spells              Type           Power      Damage    Failure   Level
a - Sting                 Tmut/Pois      100%       1d8       1%          1
b - Poisonous Vapours     Pois/Air       88%        N/A       2%          2
c - Olgreb's Toxic Radia  Pois           61%        N/A       2%          4
d - Mephitic Cloud        Conj/Pois/Air  39%        N/A       5%          3

Your spell library contained the following spells:

 Spells                   Type           Power      Damage    Failure   Level
 Passwall                 Tmut/Erth      15%        N/A       10%         2
 Apportation              Tloc           18%        N/A       13%         1
 Necrotise                Necr           36%        1d5       13%         1
 Summon Small Mammal      Summ           36%        N/A       13%         1
 Ensorcelled Hibernation  Hex/Ice        18%        N/A       19%         2
 Alistair's Intoxication  Tmut/Pois      32%        N/A       21%         5
 Summon Guardian Golem    Hex/Summ       9%         N/A       34%         3
 Orb of Destruction       Conj           15%        9d7       100%        7
 Spellforged Servitor     Conj/Summ      9%         N/A       100%        7
 Swiftness                Air            Unusable   N/A       N/A         3

Dungeon Overview and Level Annotations

Branches:
Dungeon (9/15)             Temple (1/1) D:7            Lair (1/5) D:9
    Orc: D:9-12

Altars:
Ashenzari
Cheibriados
Dithmenos
Elyvilon
Fedhas
Gozag
Hepliaklqana
Kikubaaqudgha
Makhleb
Nemelex Xobeh
Okawaru
Qazlal
Ru
Sif Muna
Trog
Uskayaw
Vehumet
Wu Jian
Xom
Zin
The Shining One

Annotations:
D:4 2 runed translucent doors, bwicke's ghost, amateur BaMo


Innate Abilities, Weirdness & Mutations

You cannot be hasted, slowed, berserked, paralysed or teleported.
You can dig through walls and to a lower floor.
You have a pair of large antennae on your head. (SInv)
Your four strong arms can wield two-handed weapons with a shield.
Your mind is acute. (Int +4, Str/Dex -1)
Your spells are a little harder to cast, but a little more powerful.
You expend magic power (3 MP) to strengthen your wands.


Message History

The cane toad stings you!!
An electric eel comes into view.
You barely miss the cane toad.
The cane toad is lightly wounded.
The cane toad stings you but does no damage.
You hit the cane toad but do no damage.
The cane toad is lightly wounded.
The cane toad stings you.
Your unstable footing causes you to fumble your attack.
The cane toad stings you.
You hit the plant.
The plant begins to die.
You freeze the plant.
The plant is lightly damaged.
The cane toad stings you but does no damage.
You hit the plant. You freeze the plant.
The plant is lightly damaged.
The cane toad closely misses you. The polar bear bites you!
The polar bear closely misses you.
The polar bear claws you but does no damage.
Your unstable footing causes you to fumble your attack.
The cane toad barely misses you. The polar bear bites you!
The polar bear claws you but does no damage. x2
You hit the plant. You freeze the plant.
The plant is lightly damaged.
The cane toad stings you!
* * * LOW HITPOINT WARNING * * *
The polar bear bites you!
* * * LOW HITPOINT WARNING * * *
The polar bear barely misses you.
The polar bear claws you but does no damage.
A nearby plant withers and dies.
The cane toad barely misses you. x2
The polar bear attacks as you move away!
The polar bear misses you.
The polar bear claws you but does no damage.
The polar bear claws you.
* * * LOW HITPOINT WARNING * * *
The cane toad attacks as you move away! The cane toad barely misses you.
The electric eel shoots out a bolt of lightning at you!
The bolt of electricity hits the plant!
The plant begins to die.
The bolt of electricity hits you!
You die...

....♣~P~~♣PP~≈≈≈
$.~~PP♣~~~≈≈≈≈≈
♣~~~~~~P~≈≈≈≈≈≈
... ♣~~~~~P≈≈≈≈≈≈≈
...♣♣~~~♣~~~≈≈≈≈≈≈
....♣~PP~~~~≈≈≈≈≈≈
.....~♣~hFS~~≈~≈≈≈
.......♣♣~P♣P~~~≈~
........♣♣@P~♣ ♣
..........♣♣~♣
.........#♣ #
........##
~.......##
♣........#
~.......##
~♣........##
P......P#..#


You could see a polar bear, a cane toad and an electric eel.

Vanquished Creatures
  A two-headed ogre (D:7)
  A shadow (D:9)
  A wyvern (D:7)
  21 yaks
  A steam dragon (D:7)
  2 acid dragons (D:9)
  2 water moccasins
  2 orc warriors
  A black bear (D:5)
  3 ice beasts
  2 sky beasts (D:7)
  An ogre (D:5)
  2 phantoms (D:6)
  4 centaurs
  3 kobold brigands
  2 scorpions
  4 bullfrogs
  2 necrophages
  2 wights (D:8)
  A howler monkey (D:4)
  5 hounds
  6 orc priests
  Ijyb (D:5)
  3 iguanas
  9 orc wizards
  10 gnolls
  10 adders
  2 white imps (D:5)
  2 ufetubi
  4 worms
  A dart slug (D:2)
  37 orcs
  10 ball pythons
  2 bats
  6 endoplasms
  2 giant cockroaches
  6 goblins
  10 hobgoblins
  5 quokkas
  A frilled lizard (D:2)
  19 kobolds
  8 rats
217 creatures vanquished.

Vanquished Creatures (others)
  A wight (D:8)
  5 fungi (D:5)
  2 plants (Lair:1)
  4 toadstools (D:5)
12 creatures vanquished.

Grand Total: 229 creatures vanquished

Notes
Turn   | Place    | Note
-------+----------+-------------------------------------------
     0 | D:1      | gelatine the Formicid Venom Mage began the quest for the
                  | Orb.
     0 | D:1      | Reached XP level 1. HP: 13/13 MP: 3/3
   287 | D:1      | You fall into a shaft and drop 1 floor!
   292 | D:2      | Reached XP level 2. HP: 19/19 MP: 3/5
   586 | D:2      | Learned a level 2 spell: Poisonous Vapours
   791 | D:2      | Reached XP level 3. HP: 12/24 MP: 0/7
  1052 | D:2      | Reached skill level 5 in Poison Magic
  1695 | D:1      | Reached XP level 4. HP: 30/30 MP: 6/8
  2639 | D:2      | Found a faded altar of an unknown god.
  3459 | D:3      | Found a shimmering blue altar of Sif Muna.
  3591 | D:3      | Reached skill level 1 in Armour
  3599 | D:3      | Reached XP level 5. HP: 35/36 MP: 4/9
  3884 | D:3      | HP: 1/36 [orc priest/+0 dagger (1)]
  3893 | D:3      | Reached skill level 1 in Short Blades
  4212 | D:3      | Reached skill level 1 in Fighting
  4545 | D:3      | Found a sparkling altar of Nemelex Xobeh.
  4556 | D:3      | Reached XP level 6. HP: 44/44 MP: 7/10
  4626 | D:3      | Learned a level 4 spell: Olgreb's Toxic Radiance
  4630 | D:3      | Learned a level 3 spell: Mephitic Cloud
  4705 | D:3      | Found a shimmering altar of Xom.
  4904 | D:3      | Found a hazy altar of Hepliaklqana.
  5239 | D:4      | Gained mutation: Your spells are a little harder to cast,
                  | but a little more powerful. [potion of mutation]
  5239 | D:4      | Gained mutation: Your mind is acute. (Int +4, Str/Dex -1)
                  | [potion of mutation]
  5239 | D:4      | Gained mutation: You expend magic power (3 MP) to
                  | strengthen your wands. [potion of mutation]
  5733 | D:4      | Reached XP level 7. HP: 48/50 MP: 3/12
  5863 | D:4      | Found a large runed translucent door.
  5864 | D:4      | Found a large runed translucent door.
  5931 | D:4      | Reached skill level 1 in Conjurations
  6065 | D:4      | Found a broken altar of Ashenzari.
  6090 | D:4      | Noticed bwicke's ghost (amateur BaMo)
  6459 | D:5      | Entered Level 5 of the Dungeon
  6639 | D:5      | Noticed Ijyb
  6650 | D:5      | Killed Ijyb
  6651 | D:5      | Reached skill level 6 in Poison Magic
  7064 | D:5      | Reached skill level 1 in Air Magic
  7427 | D:5      | Reached XP level 8. HP: 41/58 MP: 6/13
  8593 | D:6      | Reached skill level 1 in Shields
  8755 | D:6      | Reached skill level 7 in Poison Magic
  8852 | D:6      | Reached XP level 9. HP: 60/64 MP: 15/15
  9081 | D:6      | Found a hide-covered altar of Uskayaw.
  9861 | D:7      | Found a staircase to the Ecumenical Temple.
  9870 | Temple   | Entered the Ecumenical Temple
  9952 | Temple   | Became a worshipper of Makhleb the Destroyer
  9971 | D:7      | Reached skill level 5 in Spellcasting
 10149 | D:7      | Noticed a two-headed ogre
 10185 | D:7      | Killed a two-headed ogre
 10186 | D:7      | Reached skill level 8 in Poison Magic
 10186 | D:7      | Reached skill level 1 in Invocations
 10611 | D:7      | Reached XP level 10. HP: 18/72 MP: 0/18
 11174 | D:7      | Reached skill level 9 in Poison Magic
 11360 | D:7      | Reached * piety under Makhleb
 11912 | D:7      | Found a glowing silver altar of Zin.
 11951 | D:7      | Found a snail-covered altar of Cheibriados.
 11982 | D:7      | Found an iron altar of Okawaru.
 12677 | D:8      | Reached skill level 5 in Armour
 12692 | D:8      | Reached skill level 1 in Throwing
 12699 | D:8      | Reached skill level 5 in Invocations
 13570 | D:8      | Found an opulent altar of Gozag.
 13835 | D:9      | Identified the +1 robe of the Weak God {Drain rPois rF+}
 13901 | D:9      | Reached skill level 10 in Poison Magic
 13901 | D:9      | Reached XP level 11. HP: 78/78 MP: 5/20
 13913 | D:9      | Reached skill level 5 in Shields
 14209 | D:9      | Reached skill level 5 in Fighting
 14530 | D:9      | Reached ** piety under Makhleb
 15126 | D:9      | Found a white marble altar of Elyvilon.
 15128 | D:9      | Found a shadowy altar of Dithmenos.
 15132 | D:9      | Found an ancient bone altar of Kikubaaqudgha.
 15200 | D:9      | Found a staircase to the Lair.
 15422 | Lair:1   | Entered Level 1 of the Lair of Beasts
 15453 | Lair:1   | Killed from afar by an electric eel

Illustrated notes

Levels and vault maps discovered:
D:1:      amcnicky_arrival_wind_blow, layout_basic
D:2:      layout_basic, nicolae_ecumenical_snake_handling
D:3:      layout_loops_cross, nemelex_dance_club_becter,
          mainiacjoe_overflow_boulevard, mainiacjoe_overflow_catwalk,
          nicolae_hepliaklqana_hippocampus, minmay_misc_feat_x,
          kennysheep_generic_room_12
D:4:      layout_rooms, general_overflow_altar, ebering_ghost_disaster_area,
          hangedman_glass_teeth
D:5:      minmay_inner_zag, layout_cave_pods, serial_rivers,
          chequers_serial_rivers_micro_a, chequers_serial_rivers_micro_d,
          chequers_serial_rivers_room_b, chequers_serial_rivers_micro_a,
          chequers_serial_rivers_marsh, chequers_serial_rivers_room_a,
          minmay_gold_behind_fungi, uniq_ijyb
D:6:      layout_basic, old_standard_altar
D:7:      layout_cave_pools, lemuel_coloured_pillars_altar,
          mainiacjoe_overflow_big_doors, minmay_temple_entry_wispy
D:8:      layout_loops_ring, overflow_temple_1_default,
          chequers_serial_rivers_small_a
D:9:      layout_irregular_city, grunt_temple_overflow_diamond, lair_entry_dummy
Temple:   hellmonk_temple_of_storms
Lair:1:   layout_cave_shapes, serial_bayou, serial_bayou_lake_a,
          serial_bayou_ford_a, serial_bayou_pond_e, serial_bayou_pond_b,
          serial_bayou_pond_d, basic_altar

Skill      XL: |  1  2  3  4  5  6  7  8  9 10 11 |
---------------+----------------------------------+-----
Poison Magic   | 5 6 7 8 10 | 10.2
Spellcasting   | 3 4 5 6 |  6.3
Transmutations | 2 3 |  3.5
Armour         | 1 2 3 4 5 |  5.7
Short Blades   | 1 2 3 4 |  4.3
Fighting       | 2 3 4 5 |  5.2
Dodging        | 2 3 4 |  4.6
Stealth        | 3 4 |  4.7
Conjurations   | 1 2 3 |  3.7
Air Magic      | 1 2 |  2.1
Shields        | 1 3 4 5 |  5.1
Invocations    | 1 5 6 |  6.2
Throwing       | 2 |  2.6

Action                   |  1- 3 |  4- 6 |  7- 9 | 10-12 || total
-------------------------+-------+-------+-------+-------++-------
Melee: Dagger            |    31 |   162 |    43 |       ||   236
       Short sword       |       |       |   137 |   199 ||   336
       Punch             |       |       |     1 |       ||     1
Throw: Dart              |       |     3 |       |       ||     3
       Boomerang         |       |     1 |     3 |    15 ||    19
       Javelin           |       |       |     1 |       ||     1
 Cast: Sting             |    45 |    77 |   102 |    48 ||   272
       Poisonous Vapours |       |    25 |    33 |    17 ||    75
       Olgreb's Toxic Ra |       |     2 |    13 |    17 ||    32
       Mephitic Cloud    |       |       |     3 |    10 ||    13
Evoke: Wand              |       |       |     1 |     4 ||     5
  Use: Potion            |       |     7 |     1 |     9 ||    17
       Scroll            |       |     4 |     8 |     4 ||    16
Armor: Robe              |     3 |    22 |    72 |    54 ||   151
       Leather armour    |       |    23 |       |       ||    23
       Skin              |       |    21 |       |       ||    21
Dodge: Dodged            |    16 |    88 |   140 |   109 ||   353
Block: Buckler           |       |       |     1 |       ||     1
